 Dungeon Crawl Stone Soup version 0.22.1-1-ga44c0e56f4 (webtiles) character file.

134 Mjsee792 the Shield-Bearer (level 4, -2/39 HPs)
             Began as a Minotaur Fighter on Oct 14, 2018.
             Slain by Sigmund
             ... wielding a +0 scythe
              (4 damage)
             ... on level 3 of the Dungeon.
             The game lasted 00:02:22 (1597 turns).

Mjsee792 the Shield-Bearer (Minotaur Fighter)       Turns: 1597, Time: 00:02:22

Health: -2/39      AC:  8    Str: 20    XL:     4   Next: 95%
Magic:  3/3        EV:  6    Int:  5    God:
Gold:   98         SH: 15    Dex: 11    Spells: 3/3 levels left

rFire    . . .     SeeInvis .   a - +0 trident
rCold    . . .     Gourm    .   e - +0 large shield
rNeg     . . .     Faith    .   b - +0 scale mail
rPois    .         Spirit   .   (helmet restricted)
rElec    .         Reflect  .   p - +0 cloak
rCorr    .         Harm     .   (no gloves)
MR       .....                  (no boots)
Stlth    ..........             (no amulet)
HPRegen  0.13/turn              (no ring)
MPRegen  0.08/turn              (no ring)

@: no status effects
A: retaliatory headbutt, horns 2
a: no special abilities


You were on level 3 of the Dungeon.
You were not hungry.

You visited 1 branch of the dungeon, and saw 3 of its levels.

You collected 98 gold pieces.

Inventory:

Hand Weapons
 a - a +0 trident (weapon)
Armour
 b - a +0 scale mail (worn)
 c - a +0 shield
 e - a +0 large shield (worn)
 p - a +0 cloak (worn)
Jewellery
 h - an uncursed amulet of the acrobat {unknown}
Wands
 s - a wand of random effects (27)
Scrolls
 g - 2 scrolls of identify {unknown}
 j - a scroll of enchant armour {unknown}
 k - a scroll of teleportation {unknown}
 q - a scroll of immolation {unknown}
 u - a scroll of enchant weapon {unknown}
Potions
 d - a potion of might
 i - a potion of haste {unknown}
 l - 2 potions of heal wounds {unknown}
 m - a potion of agility {unknown}
 n - 2 potions of lignification {unknown}
 o - a potion of curing {unknown}
 t - a potion of degeneration {unknown}
Comestibles
 f - 3 rations
 r - 6 chunks of flesh


   Skills:
 - Level 3.6 Fighting
 - Level 2.4 Polearms
 - Level 3.6 Armour
 + Level 6.9 Shields


You had 3 spell levels left.
You didn't know any spells.
Your spell library was empty.

Dungeon Overview and Level Annotations

Branches:
Dungeon (3/15)

Altars:
Trog

Annotations:
D:3 Sigmund


Innate Abilities, Weirdness & Mutations

You reflexively headbutt those who attack you in melee.
You have a pair of horns on your head.


Message History

Your scale mail prevents you from hitting the orc.
You headbutt the orc.
You kill the orc!
Something hits you but does no damage. You block something's attack.
Something hits you but does no damage.
You see here an orc corpse.
You closely miss something. You block something's attack.
You barely miss something. Your headbutt misses something. Something hits you.
* * * LOW HITPOINT WARNING * * *
You closely miss something. Something hits you.
* * * LOW HITPOINT WARNING * * *
Something hits you.
* * * LOW HITPOINT WARNING * * *
You closely miss something. Something hits you but does no damage.
You closely miss something.
You feel yourself speed up. Something hits you.
* * * LOW HITPOINT WARNING * * *
Something hits you.
You die...

##########
#######........###
.....)...........#
#######........#.#
##########@# #{#
#.# #.# #.. ##. .
.# #


There were no monsters in sight!

Vanquished Creatures
  Crazy Yiuf (D:2)
  Ijyb (D:3)
  Natasha (D:3)
  An ooze (D:1)
  A worm (D:2)
  A leopard gecko (D:3)
  2 orcs (D:3)
  A ball python (D:1)
  6 bats
  2 giant cockroaches (D:1)
  A goblin (D:1)
  3 hobgoblins
  10 jackals (D:3)
  3 frilled lizards (D:1)
  8 kobolds
  4 rats
  A fungus (D:2)
47 creatures vanquished.

Notes
Turn   | Place    | Note
-------+----------+-------------------------------------------
     0 | D:1      | Mjsee792 the Minotaur Fighter began the quest for the Orb.
     0 | D:1      | Reached XP level 1. HP: 19/19 MP: 0/0
   170 | D:1      | Reached skill level 4 in Shields
   203 | D:1      | Reached XP level 2. HP: 26/26 MP: 1/1
   575 | D:1      | Reached skill level 5 in Shields
   722 | D:2      | Reached XP level 3. HP: 18/31 MP: 2/2
  1134 | D:2      | Found a bloodstained altar of Trog.
  1293 | D:2      | Found a runed door.
  1297 | D:2      | Noticed Crazy Yiuf
  1310 | D:2      | Killed Crazy Yiuf
  1496 | D:3      | Reached skill level 6 in Shields
  1496 | D:3      | Reached XP level 4. HP: 37/39 MP: 3/3
  1538 | D:3      | Noticed Ijyb
  1545 | D:3      | Killed Ijyb
  1562 | D:3      | Noticed Natasha
  1571 | D:3      | Killed Natasha
  1587 | D:3      | Noticed Sigmund
  1597 | D:3      | Slain by Sigmund

Skill      XL: |  1  2  3 |
---------------+----------+-----
Shields        | 4 5 6 |  6.9
Fighting       | |  3.6
Polearms       | |  2.4
Armour         | |  3.6

Action                   |  1- 3 |  4- 6 || total
-------------------------+-------+-------++-------
Melee: Trident           |   129 |    51 ||   180
       Headbutt          |    14 |     4 ||    18
 Stab: Invisible         |     2 |       ||     2
  Eat: Chunk             |     1 |     2 ||     3
Armor: Scale mail        |    32 |    28 ||    60
Dodge: Dodged            |    21 |    10 ||    31
Block: Shield            |     7 |       ||     7
       Large shield      |    93 |    49 ||   142
